 Dungeon Crawl Stone Soup version 0.24-a0-201-gf205589 (webtiles) character file.

Game seed: 9917702410857928195

2321 Borgoz the Ducker (level 9, 0/70 (72) HPs)
             Began as a Ghoul Gladiator on Mar 23, 2019.
             Was a Follower of Ashenzari.
             Slain by an ice beast (2 damage)
             ... on level 8 of the Dungeon.
             The game lasted 00:13:39 (6698 turns).

Borgoz the Ducker (Ghoul Gladiator)                 Turns: 6698, Time: 00:13:40

HP:   0/70 (72)     AC: 12    Str: 18      XL:     9   Next: 41%
MP:   12/12         EV: 12    Int:  3 (4)  God:    Ashenzari [*.....]
Gold: 358           SH:  0    Dex: 13 (14) Spells: 13/13 levels left

rFire    . . .     SeeInvis +   a - +1 dagger (venom)
rCold    + . .     Gourm    .   (no shield)
rNeg     + + +     Faith    .   i - +3 scale mail {MR+}
rPois    ∞         Spirit   .   c - +0 helmet
rElec    .         Reflect  .   (no cloak)
rCorr    .         Harm     .   v - +0 pair of gloves
MR       +....                  (no boots)
Stlth    +.........             (no amulet)
HPRegen  0.00/turn              w - ring of see invisible
MPRegen  0.13/turn              n - +2 ring of dexterity

@: rotting
A: rotting body, claws 1, carnivore, cold resistance 1, negative energy
resistance 3, inhibited regeneration, torment resistance, unbreathing
a: Curse Item, Scrying, Renounce Religion


You were on level 8 of the Dungeon.
You worshipped Ashenzari.
Ashenzari was aware of your devotion.
You were not hungry.

You visited 2 branches of the dungeon, and saw 9 of its levels.

You collected 358 gold pieces.

Inventory:

Hand Weapons
 a - a +1 dagger of venom (weapon)
 b - a +0 rapier
Missiles
 d - 3 throwing nets (quivered)
 e - 4 tomahawks
 l - 31 poisoned needles
Armour
 c - a +0 helmet (worn)
 i - a +3 scale mail of magic resistance (worn)
 s - a +2 leather armour of magic resistance
 v - a +0 pair of gloves (worn)
 C - a +1 shield of cold resistance
Jewellery
 n - a +2 ring of dexterity (right hand)
 p - an uncursed ring of protection from magic
 q - an uncursed ring of protection from fire
 w - a ring of see invisible (left hand)
 x - a +4 ring of intelligence
Wands
 t - a wand of flame (29)
Scrolls
 g - 2 scrolls of immolation
 k - 7 scrolls of identify
 o - 5 scrolls of remove curse
 r - a scroll of enchant armour
Potions
 h - a potion of degeneration
 j - a potion of berserk rage
 z - 3 potions of brilliance
 A - 3 potions of mutation
Comestibles
 f - 11 rations


   Skills:
 + Level 4.7 Fighting
 * Level 5.7 Short Blades
 + Level 3.8 Throwing
 * Level 4.9 Armour
 * Level 5.7 Dodging
 + Level 4.4 Stealth
 + Level 2.8 Spellcasting


You had 13 spell levels left.
You didn't know any spells.
Your spell library contained the following spells:

 Spells                   Type           Power        Failure   Level  Hunger
 Animate Skeleton         Necr           N/A          80%         1    ##.....
 Pain                     Necr           #...         80%         1    ##.....
 Regeneration             Chrm/Necr      #.........   99%         3    ####...
 Vampiric Draining        Necr           #.........   99%         3    ####...
 Animate Dead             Necr           N/A          100%        4    #####..


Dungeon Overview and Level Annotations

Branches:
Dungeon (8/15)             Temple (1/1) D:6
   Lair: D:8-11

Altars:
Ashenzari
Cheibriados
Dithmenos
Elyvilon
Fedhas
Gozag
Kikubaaqudgha
Makhleb
Nemelex Xobeh
Okawaru
Qazlal
Ru
Sif Muna
Trog
Uskayaw
Vehumet
Wu Jian
Xom
Yredelemnul
Zin
The Shining One

Annotations:
D:3 1 runed translucent door, lemonriz's ghost, amateur DsGl


Innate Abilities, Weirdness & Mutations

Your body is rotting away.
You thrive on raw meat.
You are immune to poison.
You have sharp fingernails.
You are carnivorous and can eat meat at any time.
Your flesh is cold resistant. (rC+)
You are immune to negative energy. (rN+++)
You do not regenerate when monsters are visible.
You are immune to unholy pain and torment.
You can survive without breathing.


Message History

The ice beast closely misses you.
The howler monkey struggles against the net.
You closely miss the ice beast.
The ice beast is moderately wounded.
The howler monkey struggles against the net.
The ice beast completely misses you.
You hit the ice beast but do no damage.
The ice beast looks as sick as possible!
The ice beast is moderately wounded.
The howler monkey struggles against the net.
You hit the ice beast.
The ice beast is heavily wounded.
The ice beast hits you but does no damage.
The howler monkey hoots and howls with incredible vigour!
The howler monkey struggles against the net.
The net rips apart, and the howler monkey comes free!
You closely miss the ice beast.
The ice beast is severely wounded.
The ice beast hits you.
You die...

#......# ## ###......#
#. #####
#......<.####. #.....
#..........##. #......
#.....####.O#.#....⌠..
#..... #§§##..⌠.....
#.... #Ohz§z.......
##### ##Y##o.⌠.....
#@#.#....⌠.. ###.
#...... #. #..... #.
##### ## ###########
###.........##
#............#
#.....<......#


You could see an ice beast, an ogre, a howler monkey and a wight.

Vanquished Creatures
  A spriggan (D:7)
  A wyvern (D:8)
  A hungry ghost (D:8)
  Edmund (D:3)
  An ice beast (D:7)
  An orc warrior (D:6)
  2 ogres
  3 centaurs
  4 killer bees (D:7)
  3 howler monkeys
  A quasit (D:8)
  4 hounds
  A jelly (D:6)
  A bullfrog skeleton (D:6)
  An orc priest (D:6)
  An orc wizard (D:6)
  An iguana (D:4)
  Natasha (thrice) (D:4)
  10 worker ants
  A hound zombie (D:6)
  2 hound skeletons
  A worker ant zombie (D:5)
  4 gnolls (D:6)
  2 howler monkey skeletons (D:6)
  9 adders
  A shadow imp (D:6)
  An ooze (D:1)
  3 adder skeletons
  2 worms
  2 dart slugs
  3 leopard geckos
  10 orcs
  6 bats
  7 giant cockroaches
  12 goblins
  8 hobgoblins
  3 jackals (D:2)
  7 quokkas
  3 ball pythons
  5 frilled lizards
  A jackal zombie (D:6)
  9 kobolds
  2 leopard gecko skeletons
  A quokka skeleton (D:5)
  10 rats
156 creatures vanquished.

Vanquished Creatures (others)
  2 withered plants (D:3)
2 creatures vanquished.

Grand Total: 158 creatures vanquished

Notes
Turn   | Place    | Note
-------+----------+-------------------------------------------
     0 | D:1      | Borgoz the Ghoul Gladiator began the quest for the Orb.
     0 | D:1      | Reached XP level 1. HP: 17/17 MP: 0/0
    99 | D:1      | Reached XP level 2. HP: 21/24 MP: 1/1
   422 | D:1      | Reached XP level 3. HP: 30/30 MP: 2/2
   722 | D:2      | Reached skill level 1 in Armour
   847 | D:2      | Reached skill level 1 in Stealth
   847 | D:2      | Reached XP level 4. HP: 21/37 MP: 3/3
  1136 | D:2      | Reached XP level 5. HP: 36/42 MP: 5/5
  1544 | D:3      | Found a deep blue altar of Sif Muna.
  1550 | D:3      | Found a shattered altar of Ashenzari.
  1602 | D:3      | Found a snail-covered altar of Cheibriados.
  1602 | D:3      | Found a blossoming altar of Fedhas.
  1606 | D:3      | Became a worshipper of Ashenzari the Shackled
  1749 | D:3      | Found a runed translucent door.
  1753 | D:3      | Noticed lemonriz's ghost (amateur DsGl)
  2259 | D:4      | Noticed Edmund
  2260 | D:4      | Noticed Natasha
  2274 | D:4      | Killed Natasha
  2274 | D:4      | Reached skill level 1 in Spellcasting
  2304 | D:4      | HP: 1/42 [Edmund/+0 dire flail of protection (5)]
  2319 | D:3      | Killed Edmund
  2319 | D:3      | Reached XP level 6. HP: 2/50 MP: 6/6
  2646 | D:4      | Noticed Natasha
  2656 | D:4      | Killed Natasha
  2718 | D:4      | Noticed Natasha
  2725 | D:4      | Killed Natasha
  2871 | D:4      | Reached XP level 7. HP: 53/57 MP: 6/8
  2929 | D:4      | Found a shadowy altar of Dithmenos.
  3175 | D:5      | Entered Level 5 of the Dungeon
  3233 | D:5      | Found an opulent altar of Gozag.
  3386 | D:5      | Found a white marble altar of Elyvilon.
  4340 | D:6      | Reached XP level 8. HP: 44/61 MP: 9/9
  4364 | D:6      | Found a staircase to the Ecumenical Temple.
  4474 | Temple   | Entered the Ecumenical Temple
  5184 | D:6      | Reached * piety under Ashenzari
  5453 | D:7      | HP: 1/66 [killer bee (6)]
  5760 | D:7      | Reached skill level 5 in Short Blades
  5760 | D:7      | Reached skill level 5 in Dodging
  5946 | D:7      | Reached XP level 9. HP: 37/72 MP: 11/11
  6345 | D:7      | Found a bloodstained altar of Trog.
  6693 | D:8      | HP: 2/70 [ice beast (5)]
  6698 | D:8      | Slain by an ice beast

Levels and vault maps discovered:
D:1:      evilmike_arrival_fibonacci_small, layout_basic
D:2:      layout_basic, first_ration, minmay_pentomino_w4
D:3:      layout_loops_corners, grunt_temple_overflow_open,
          gammafunk_ghost_grave, grunt_decor_cap
D:4:      layout_basic, overflow_temple_1_default, uniq_natasha, uniq_edmund
D:5:      layout_loops_ring, nicolae_overflow_crystal_walls,
          nicolae_gozag_seed_capital
D:6:      layout_rooms, minmay_temple_entry_sparse_star
D:7:      layout_basic, hex_medium, the_bakery, zaba_anthole, trog_book
D:8:      kennysheep_ambush_hall, layout_basic, kennysheep_little_box,
          ebering_ghost_gozag, kennysheep_another_room, minmay_fountain_box,
          fedhas_altar_3, uniq_pikel
Temple:   regret_index_temple_waves

Skill      XL: |  1  2  3  4  5  6  7  8  9 |
---------------+----------------------------+-----
Armour         | 1 2 3 4 |  4.9
Throwing       | 2 3 |  3.8
Short Blades   | 3 4 5 |  5.7
Dodging        | 3 4 5 |  5.7
Stealth        | 1 2 3 4 |  4.4
Spellcasting   | 1 2 |  2.8
Fighting       | 3 4 |  4.7

Action                   |  1- 3 |  4- 6 |  7- 9 || total
-------------------------+-------+-------+-------++-------
Melee: Rapier            |    33 |       |       ||    33
       Dagger            |    58 |   214 |   451 ||   723
Throw: Throwing net      |       |       |     3 ||     3
  Use: Potion            |       |     2 |    10 ||    12
       Scroll            |       |       |     7 ||     7
 Stab: Sleeping          |     1 |       |       ||     1
       Invisible         |       |     1 |       ||     1
       Held in net/web   |       |       |     1 ||     1
  Eat: Chunk             |     2 |    19 |    17 ||    38
Armor: Leather armour    |    25 |    32 |       ||    57
       Scale mail        |       |    27 |   191 ||   218
Dodge: Dodged            |    62 |   145 |   299 ||   506

Table legend:
 A = Non-vault XP
 B = Vault XP
 C = Vault XP percentage of total XP
 D = Non-vault monster count
 E = Vault monster count
 F = Vault count percentage of total count
                 A         B        C        D         E       F
            +---------+---------+-------+---------+---------+-------
      Total |    2292 |    1024 |  30.9 |     136 |      20 |  12.8
            +---------+---------+-------+---------+---------+-------
        D:1 |      42 |       0 |   0.0 |      22 |       0 |   0.0
        D:2 |     107 |      23 |  17.7 |      33 |       8 |  19.5
        D:3 |      39 |     154 |  79.8 |      13 |       1 |   7.1
        D:4 |     311 |      33 |   9.6 |      14 |       1 |   6.7
        D:5 |     319 |       0 |   0.0 |       9 |       0 |   0.0
        D:6 |     701 |       0 |   0.0 |      31 |       0 |   0.0
        D:7 |     534 |     381 |  41.6 |       9 |       6 |  40.0
        D:8 |     239 |     433 |  64.4 |       5 |       4 |  44.4
            +---------+---------+-------+---------+---------+-------
